TORONTO Maple Leafs vs BUFFALO Sabres

Created - 9 avril 2024 at 17:30

Goals
1 2 3 T
TORONTO Maple Leafs 1 0 1 2
BUFFALO Sabres 3 0 1 4
Shots
1 2 3 T
TORONTO Maple Leafs 3 4 11 18
BUFFALO Sabres 16 11 9 36

1st period

1. BUFFALO Sabres , Ryan Graves 17 (Jesper Bratt 39, Nico Hischier 45) at 7:17 (PP)
2. TORONTO Maple Leafs , Janne Kuokkanen 2 (Alexander Holtz 1, Artem Zub 12) at 9:27
3. BUFFALO Sabres , Tage Thompson 29 (Logan O'Connor 19, Brett Kulak 20) at 10:53
4. BUFFALO Sabres , Mason McTavish 4 (Jakob Chychrun 23, Nick Bjugstad 6) at 19:21

Penalties :
Artem Zub (TOR) for Hooking (Minor) at 5:21, Sam Lafferty (TOR) for Slashing (Minor) at 11:54, John Marino (TOR) for Roughing (Minor) at 17:07

2nd period

No Goal

Penalties :
Jonas Brodin (BUF) for Roughing (Double Minor) at 11:17, Vince Dunn (TOR) for Delaying the game (Minor) at 16:50

3rd period

5. BUFFALO Sabres , Jesper Bratt 17 (Nico Hischier 46, Ivan Provorov 45) at 3:14 (PP)
6. TORONTO Maple Leafs , Tyler Seguin 31 (Ryan Carpenter 12, Josh Bailey 22) at 6:57

Penalties :
Artem Zub (TOR) for Boarding (Minor) at 2:58, Jesper Bratt (BUF) for Interference (Minor) at 7:56, Ryan Graves (BUF) for Tripping (Minor) at 18:59

Goalie Stats

Matt Murray (TOR), 32 saves from 36 shots - (0,889), L, 28-39-6, 60:00 minutes
Igor Shesterkin (BUF), 16 saves from 18 shots - (0,889), W, 47-22-2, 60:00 minutes

Players Stats for TORONTO Maple Leafs

Player Name              G  A  P  +/- PIM S  H  SB GA TA FO     MP     PP MP  PK MP  
------------------------------------------------------------------------------------
Alex Goligoski           0  0  0   1  0   1  1  2  0  0  0/0    20:00   3:24   4:41 
Alexander Holtz          0  1  1   0  0   0  0  0  0  0  0/0    11:28   0:00   0:00 
Artem Zub                0  1  1   1  4   0  1  0  0  0  0/0    13:37   0:00   1:44 
Colin White              0  0  0   0  0   1  1  0  0  0  0/4    22:09   3:34   4:44 
Dennis Gilbert           0  0  0   0  0   0  0  0  0  0  0/0     2:09   0:00   0:00 
Janne Kuokkanen          1  0  1   0  0   1  1  0  0  0  0/0    11:28   0:00   0:00 
John Marino              0  0  0   0  2   3  5  0  0  0  0/0    20:40   3:34   2:41 
Jonah Gadjovich          0  0  0  -1  0   0  2  0  0  0  0/1     6:37   0:00   1:37 
Josh Bailey              0  1  1   1  0   2  0  0  0  0  4/7    20:55   3:24   2:57 
Kevin Stenlund           0  0  0   0  0   0  1  0  0  0  8/16   11:28   0:00   0:00 
Mark Friedman            0  0  0  -1  0   0  0  1  0  0  0/0    16:23   0:00   0:00 
Mark Jankowski           0  0  0   0  0   1  0  0  0  0  3/4    17:25   3:34   0:00 
Nick Leddy               0  0  0   0  0   1  2  3  0  0  0/0    21:50   3:34   3:50 
Ryan Carpenter           0  1  1   0  0   0  5  1  0  0  6/8    22:21   2:47   0:00 
Sam Lafferty             0  0  0   0  2   2  4  0  0  0  4/13   19:26   3:34   2:02 
Simon Holmstrom          0  0  0  -1  0   0  1  0  0  0  1/1     5:37   0:37   0:00 
Tyler Seguin             1  0  1   1  0   4  2  0  0  0  11/29  22:56   3:24   4:58 
Vince Dunn               0  0  0  -1  2   2  4  0  0  0  0/0    25:17   3:24   3:22 

Players Stats for BUFFALO Sabres

Player Name              G  A  P  +/- PIM S  H  SB GA TA FO     MP     PP MP  PK MP  
------------------------------------------------------------------------------------
Alex Tuch                0  0  0  -1  0   1  0  0  0  0  0/2    22:16   4:37   3:02 
Brett Kulak              0  1  1   2  0   0  0  1  0  0  0/0    16:10   0:00   4:25 
Curtis Lazar             0  0  0   1  0   0  0  0  0  0  0/0     9:03   0:00   0:00 
Filip Hronek             0  0  0  -1  0   2  0  0  0  0  0/0    17:33   3:03   0:35 
Ivan Provorov            0  1  1  -1  0   1  1  1  0  0  0/0    26:34   5:06   2:15 
Jack Eichel              0  0  0  -1  0   6  1  0  0  0  15/30  18:59   3:32   0:50 
Jakob Chychrun           0  1  1   2  0   1  0  0  0  0  0/0    13:15   0:00   1:30 
Jesper Bratt             1  1  2  -1  2   3  0  0  0  0  2/2    17:46   4:37   0:00 
Jonas Brodin             0  0  0  -1  4   2  2  1  0  0  0/0    26:02   5:06   1:44 
Logan O'Connor           0  1  1   1  0   1  2  0  0  0  1/3    12:27   0:28   3:56 
Mason McTavish           1  0  1   1  0   1  0  0  0  0  0/0     9:03   0:00   0:00 
Nick Bjugstad            0  1  1   1  0   1  1  0  0  0  4/10   11:17   0:00   2:14 
Nico Hischier            0  2  2  -1  0   5  0  0  0  0  20/28  21:41   4:37   3:54 
Patrick Kane             0  0  0  -1  0   1  0  0  0  0  0/0    14:37   0:00   0:00 
Ryan Graves              1  0  1  -1  2   2  4  4  0  0  0/0    20:24   3:03   3:27 
Seth Jarvis              0  0  0   1  0   1  0  0  0  0  1/2     8:03   0:00   0:00 
Tage Thompson            1  0  1   1  0   4  1  0  0  0  3/6    11:35   3:32   0:00 
Valeri Nichushkin        0  0  0  -1  0   4  2  0  0  0  0/0    16:14   3:04   0:00 

3 Stars

1 - Tage Thompson (BUF)
2 - Mason McTavish (BUF)
3 - Tyler Seguin (TOR)

Power Play

TORONTO Maple Leafs - 0 on 4 Attempt(s) - 0,00%
BUFFALO Sabres - 2 on 5 Attempt(s) - 40,00%

Penalty Kill

TORONTO Maple Leafs - 3 on 5 Attempt(s) - 60,00% - Score 0 goal in Penalty Kill
BUFFALO Sabres - 4 on 4 Attempt(s) - 100,00% - Score 0 goal in Penalty Kill

Team Stat

TORONTO Maple Leafs - Hits : 30 - Faceoff Wins : 37 - Blocked Shots : 7 - Penalty Minutes : 10
BUFFALO Sabres - Hits : 14 - Faceoff Wins : 46 - Blocked Shots : 7 - Penalty Minutes : 8

Official

Referees : Pierre Lambert and Amanda Tasson
Linesman : Kirsten Welsh and Travis Gawryletz

Game Notes

No Game Note

Finance

Level 1 -- Attendance: 5105 (85,08%) -- Ticket Income $510,500
Level 2 -- Attendance: 4170 (83,40%) -- Ticket Income $250,200
Level 3 -- Attendance: 1830 (91,50%) -- Ticket Income $64,050
Level 4 -- Attendance: 4000 (100,00%) -- Ticket Income $80,000
Luxury Box -- Attendance: 817 (81,70%) -- Ticket Income $163,400
Game was played at the First Niagara Center.
Total Attendance: 15922 (88,46%)
Total Ticket Income: $1,068,150
Other Income: $267,038
Total Income: $1,335,188

TORONTO Maple Leafs

5 vs 5 Forward 
   Center                   Left Wing                Right Wing               Time % Phy DF OF 
 1 Tyler Seguin             Josh Bailey              Ryan Carpenter           40     1   2  2  
 2 Sam Lafferty             Mark Jankowski           Colin White              30     1   2  2  
 3 Ryan Carpenter           Jonah Gadjovich          Simon Holmstrom          20     1   2  2  
 4 Kevin Stenlund           Janne Kuokkanen          Alexander Holtz          10     1   2  2  

5 vs 5 Defense 
   Defense                  Defense                                           Time % Phy DF OF 
 1 Vince Dunn               Mark Friedman                                     40     1   2  2  
 2 Nick Leddy               John Marino                                       30     1   2  2  
 3 Alex Goligoski           Artem Zub                                         20     1   2  2  
 4 Vince Dunn               Dennis Gilbert                                    10     1   2  2  

PowerPlay Forward 
   Center                   Left Wing                Right Wing               Time % Phy DF OF 
 1 Tyler Seguin             Josh Bailey              Ryan Carpenter           60     1   2  2  
 2 Sam Lafferty             Mark Jankowski           Colin White              40     1   2  2  

PowerPlay Defense
   Defense                  Defense                                           Time % Phy DF OF 
 1 Vince Dunn               Alex Goligoski                                    60     1   2  2  
 2 Nick Leddy               John Marino                                       40     1   2  2  

Penalty Kill 4 Players Forward 
   Center                   Wing                     Time % Phy DF OF 
 1 Tyler Seguin             Colin White              60     1   2  2  
 2 Josh Bailey              Sam Lafferty             40     1   2  2  

Penalty Kill 4 Players Defense
   Defense                  Defense                  Time % Phy DF OF 
 1 Alex Goligoski           Vince Dunn               60     1   2  2  
 2 Nick Leddy               John Marino              40     1   2  2  

Penalty Kill - 3 Players Forward 
   Forward                                           Time % Phy DF OF 
 1 Tyler Seguin                                      60     1   2  2  
 2 Josh Bailey                                       40     1   2  2  

Penalty Kill - 3 Players Defense
   Defense                  Defense                  Time % Phy DF OF 
 1 Vince Dunn               Artem Zub                60     1   2  2  
 2 Nick Leddy               John Marino              40     1   2  2  

4 vs 4 Forward 
   Center                   Wing                     Time % Phy DF OF 
 1 Tyler Seguin             Ryan Carpenter           60     1   2  2  
 2 Josh Bailey              Sam Lafferty             40     1   2  2  

4 vs 4 Defense
   Defense                  Defense                  Time % Phy DF OF 
 1 Artem Zub                Vince Dunn               60     1   2  2  
 2 Nick Leddy               John Marino              40     1   2  2  

Last Minutes Offensive
   Center                   Left Wing                Right Wing               Defense                  Defense                  
   Tyler Seguin             Josh Bailey              Sam Lafferty             Vince Dunn               Mark Friedman            

Last Minutes Defensive
   Center                   Left Wing                Right Wing               Defense                  Defense                  
   Tyler Seguin             Josh Bailey              Sam Lafferty             Vince Dunn               Mark Friedman            

Goaltenders
Starting : Matt Murray              
Backup : Alex Nedeljkovic         

Extra Forwards
Normal : Ryan Carpenter, Simon Holmstrom, Jonah Gadjovich - PP : Ryan Carpenter, Simon Holmstrom - PK : Jonah Gadjovich
Extra Defensemen
Normal : Alex Goligoski, Artem Zub, Vince Dunn - PP : Alex Goligoski - PK : Artem Zub, Vince Dunn
Penalty Shots
Tyler Seguin, Simon Holmstrom, Josh Bailey, Sam Lafferty, Colin White

Scratches
None

BUFFALO Sabres

5 vs 5 Forward 
   Center                   Left Wing                Right Wing               Time % Phy DF OF 
 1 Jack Eichel              Alex Tuch                Patrick Kane             37     0   2  3  
 2 Nico Hischier            Valeri Nichushkin        Jesper Bratt             33     0   2  3  
 3 Tage Thompson            Seth Jarvis              Logan O'Connor           20     1   2  2  
 4 Nick Bjugstad            Mason McTavish           Curtis Lazar             10     1   2  2  

5 vs 5 Defense 
   Defense                  Defense                                           Time % Phy DF OF 
 1 Ivan Provorov            Jonas Brodin                                      40     1   2  2  
 2 Ryan Graves              Filip Hronek                                      30     1   2  2  
 3 Jakob Chychrun           Brett Kulak                                       20     1   3  1  
 4 Ivan Provorov            Jonas Brodin                                      10     1   3  1  

PowerPlay Forward 
   Center                   Left Wing                Right Wing               Time % Phy DF OF 
 1 Nico Hischier            Alex Tuch                Jesper Bratt             60     1   2  2  
 2 Jack Eichel              Valeri Nichushkin        Tage Thompson            40     1   2  2  

PowerPlay Defense
   Defense                  Defense                                           Time % Phy DF OF 
 1 Ivan Provorov            Jonas Brodin                                      60     1   2  2  
 2 Ryan Graves              Filip Hronek                                      40     1   2  2  

Penalty Kill 4 Players Forward 
   Center                   Wing                     Time % Phy DF OF 
 1 Nico Hischier            Logan O'Connor           60     1   2  2  
 2 Nick Bjugstad            Alex Tuch                40     1   2  2  

Penalty Kill 4 Players Defense
   Defense                  Defense                  Time % Phy DF OF 
 1 Ivan Provorov            Jonas Brodin             60     1   2  2  
 2 Brett Kulak              Ryan Graves              40     1   2  2  

Penalty Kill - 3 Players Forward 
   Forward                                           Time % Phy DF OF 
 1 Nico Hischier                                     60     1   2  2  
 2 Nick Bjugstad                                     40     1   2  2  

Penalty Kill - 3 Players Defense
   Defense                  Defense                  Time % Phy DF OF 
 1 Ivan Provorov            Jonas Brodin             60     1   2  2  
 2 Brett Kulak              Ryan Graves              40     1   2  2  

4 vs 4 Forward 
   Center                   Wing                     Time % Phy DF OF 
 1 Nico Hischier            Tage Thompson            60     1   2  2  
 2 Jack Eichel              Jesper Bratt             40     1   2  2  

4 vs 4 Defense
   Defense                  Defense                  Time % Phy DF OF 
 1 Ivan Provorov            Jonas Brodin             60     1   2  2  
 2 Ryan Graves              Filip Hronek             40     1   2  2  

Last Minutes Offensive
   Center                   Left Wing                Right Wing               Defense                  Defense                  
   Nico Hischier            Alex Tuch                Jesper Bratt             Ivan Provorov            Jonas Brodin             

Last Minutes Defensive
   Center                   Left Wing                Right Wing               Defense                  Defense                  
   Nico Hischier            Logan O'Connor           Nick Bjugstad            Ivan Provorov            Jonas Brodin             

Goaltenders
Starting : Igor Shesterkin          
Backup : Connor Ingram            

Extra Forwards
Normal : Jack Eichel, Nico Hischier, Tage Thompson - PP : Jack Eichel, Nico Hischier - PK : Nico Hischier
Extra Defensemen
Normal : Ivan Provorov, Jonas Brodin, Jakob Chychrun - PP : Ivan Provorov - PK : Ryan Graves, Jonas Brodin
Penalty Shots
Nico Hischier, Tage Thompson, Alex Tuch, Jesper Bratt, Jack Eichel

Scratches
Henri Jokiharju (Healthy)

% Time on Ice - TORONTO Maple Leafs

Lines # - Real PCT - Wanted PCT - Time Play
Normal Forward
1 - 32% - 40% - 14:34
2 - 31% - 30% - 13:51
3 - 11% - 20% - 5:00
4 - 26% - 10% - 11:28
Normal Defense
1 - 37% - 40% - 16:23
2 - 32% - 30% - 14:26
3 - 27% - 20% - 11:55
4 - 5% - 10% - 2:09
PP Forward
1 - 49% - 60% - 3:24
2 - 51% - 40% - 3:34
PP Defense
1 - 49% - 60% - 3:24
2 - 51% - 40% - 3:34
PK Forward
1 - 64% - 60% - 5:12
2 - 36% - 40% - 2:57
PK Defense
1 - 53% - 60% - 4:17
2 - 47% - 40% - 3:52
PK3 Forward
1 - 0% - 60%
2 - 0% - 40%
PK3 Defense
1 - 0% - 60%
2 - 0% - 40%
44 Forward
1 - 0% - 60%
2 - 0% - 40%
44 Defense
1 - 0% - 60%
2 - 0% - 40%
Last Minute Offensive  - 0:00
Last Minute Defensive  - 0:00
Total
Forward - 60:00
Defense - 60:00

% Time on Ice - BUFFALO Sabres

Lines # - Real PCT - Wanted PCT - Time Play
Normal Forward
1 - 33% - 37% - 14:37
2 - 29% - 33% - 13:10
3 - 18% - 20% - 8:03
4 - 20% - 10% - 9:03
Normal Defense
1 - 39% - 40% - 17:18
2 - 31% - 30% - 13:55
3 - 26% - 20% - 11:45
4 - 4% - 10% - 1:55
PP Forward
1 - 57% - 60% - 4:37
2 - 43% - 40% - 3:32
PP Defense
1 - 63% - 60% - 5:06
2 - 37% - 40% - 3:03
PK Forward
1 - 68% - 60% - 4:44
2 - 32% - 40% - 2:14
PK Defense
1 - 41% - 60% - 2:51
2 - 59% - 40% - 4:07
PK3 Forward
1 - 0% - 60%
2 - 0% - 40%
PK3 Defense
1 - 0% - 60%
2 - 0% - 40%
44 Forward
1 - 0% - 60%
2 - 0% - 40%
44 Defense
1 - 0% - 60%
2 - 0% - 40%
Last Minute Offensive  - 0:00
Last Minute Defensive  - 0:00
Total
Forward - 60:00
Defense - 60:00

Play-by-Play

1st period


0:01 of 1st period - Tyler Seguin wins face-off versus Jack Eichel in neutral zone.
0:04 of 1st period - Jack Eichel is hit by Ryan Carpenter and loses puck.
0:43 of 1st period - Vince Dunn is hit by Jack Eichel and loses puck.
1:33 of 1st period - Nico Hischier is hit by John Marino.
1:35 of 1st period - Shot by Jesper Bratt.
1:35 of 1st period - Stopped by Matt Murray without a rebound.
1:36 of 1st period - Logan O'Connor wins face-off versus Kevin Stenlund in TORONTO Maple Leafs zone.
1:52 of 1st period - Icing by Alex Goligoski.
1:53 of 1st period - Kevin Stenlund wins face-off versus Nick Bjugstad in TORONTO Maple Leafs zone.
2:49 of 1st period - Shot by Tage Thompson.
2:49 of 1st period - Shot Misses the Net.
3:02 of 1st period - Icing by Jakob Chychrun.
3:03 of 1st period - Tage Thompson wins face-off versus Ryan Carpenter in BUFFALO Sabres zone.
3:03 of 1st period - Tage Thompson is hit by Jonah Gadjovich.
3:11 of 1st period - Shot by Tage Thompson.
3:11 of 1st period - Stopped by Matt Murray without a rebound.
3:12 of 1st period - Sam Lafferty wins face-off versus Jack Eichel in TORONTO Maple Leafs zone.
3:20 of 1st period - Icing by Vince Dunn.
3:21 of 1st period - Nico Hischier wins face-off versus Sam Lafferty in TORONTO Maple Leafs zone.
3:59 of 1st period - Icing by Vince Dunn.
4:00 of 1st period - Jack Eichel wins face-off versus Sam Lafferty in TORONTO Maple Leafs zone.
4:21 of 1st period - Shot by Jack Eichel.
4:21 of 1st period - Stopped by Matt Murray without a rebound.
4:22 of 1st period - Seth Jarvis wins face-off versus Ryan Carpenter in TORONTO Maple Leafs zone.
4:35 of 1st period - Shot by John Marino.
4:35 of 1st period - Shot Misses the Net.
4:37 of 1st period - Shot by John Marino.
4:37 of 1st period - Stopped by Igor Shesterkin without a rebound.
4:38 of 1st period - Josh Bailey wins face-off versus Jack Eichel in BUFFALO Sabres zone.
4:49 of 1st period - Shot by Tyler Seguin.
4:49 of 1st period - Shot Misses the Net.
4:55 of 1st period - Shot by Jack Eichel.
4:55 of 1st period - Stopped by Matt Murray with a rebound.
5:10 of 1st period - Shot by Patrick Kane.
5:10 of 1st period - Shot Misses the Net.
5:21 of 1st period - Minor Penalty to Artem Zub for Hooking.
5:22 of 1st period - Nico Hischier wins face-off versus Tyler Seguin in TORONTO Maple Leafs zone.
5:29 of 1st period - Shot by Nico Hischier.
5:29 of 1st period - Shot Blocked by Nick Leddy.
5:49 of 1st period - Shot by Nico Hischier.
5:49 of 1st period - Stopped by Matt Murray without a rebound.
5:50 of 1st period - Jack Eichel wins face-off versus Josh Bailey in TORONTO Maple Leafs zone.
5:57 of 1st period - Shot by Sam Lafferty.
5:57 of 1st period - Stopped by Igor Shesterkin without a rebound.
5:58 of 1st period - Tyler Seguin wins face-off versus Jack Eichel in BUFFALO Sabres zone.
6:13 of 1st period - Vince Dunn is hit by Valeri Nichushkin and loses puck.
6:34 of 1st period - Tage Thompson is hit by Alex Goligoski and loses puck.
6:37 of 1st period - Shot by Jack Eichel.
6:37 of 1st period - Shot Blocked by Alex Goligoski.
6:39 of 1st period - Shot by Tage Thompson.
6:39 of 1st period - Shot Misses the Net.
6:59 of 1st period - Shot by Filip Hronek.
6:59 of 1st period - Stopped by Matt Murray without a rebound.
7:00 of 1st period - Josh Bailey wins face-off versus Alex Tuch in TORONTO Maple Leafs zone.
7:15 of 1st period - Shot by Ryan Graves.
7:15 of 1st period - Shot Misses the Net.
7:17 of 1st period - Shot by Ryan Graves.
7:17 of 1st period - Goal by Ryan Graves - TORONTO Maple Leafs : 0 - BUFFALO Sabres : 1.
7:18 of 1st period - Ryan Carpenter wins face-off versus Nick Bjugstad in neutral zone.
8:27 of 1st period - Mark Jankowski is hit by Ryan Graves and loses puck.
8:35 of 1st period - Sam Lafferty is hit by Ryan Graves and loses puck.
9:27 of 1st period - Shot by Janne Kuokkanen.
9:27 of 1st period - Goal by Janne Kuokkanen - TORONTO Maple Leafs : 1 - BUFFALO Sabres : 1.
9:28 of 1st period - Tyler Seguin wins face-off versus Logan O'Connor in neutral zone.
9:36 of 1st period - Off-side.
9:37 of 1st period - Kevin Stenlund wins face-off versus Jack Eichel in neutral zone.
10:53 of 1st period - Shot by Tage Thompson.
10:53 of 1st period - Goal by Tage Thompson - TORONTO Maple Leafs : 1 - BUFFALO Sabres : 2.
10:54 of 1st period - Ryan Carpenter wins face-off versus Nico Hischier in neutral zone.
11:02 of 1st period - Shot by Josh Bailey.
11:02 of 1st period - Shot Misses the Net.
11:30 of 1st period - Shot by Tyler Seguin.
11:30 of 1st period - Shot Misses the Net.
11:48 of 1st period - Logan O'Connor is hit by Ryan Carpenter and loses puck.
11:54 of 1st period - Minor Penalty to Sam Lafferty for Slashing.
11:55 of 1st period - Jack Eichel wins face-off versus Jonah Gadjovich in TORONTO Maple Leafs zone.
12:00 of 1st period - Shot by Tage Thompson.
12:00 of 1st period - Shot Misses the Net.
12:02 of 1st period - Shot by Valeri Nichushkin.
12:02 of 1st period - Stopped by Matt Murray with a rebound.
12:04 of 1st period - Shot by Ivan Provorov.
12:04 of 1st period - Stopped by Matt Murray without a rebound.
12:05 of 1st period - Jesper Bratt wins face-off versus Tyler Seguin in TORONTO Maple Leafs zone.
12:57 of 1st period - Off-side.
12:58 of 1st period - Jack Eichel wins face-off versus Colin White in neutral zone.
13:03 of 1st period - Shot by Jack Eichel.
13:03 of 1st period - Stopped by Matt Murray without a rebound.
13:04 of 1st period - Tyler Seguin wins face-off versus Jack Eichel in TORONTO Maple Leafs zone.
13:29 of 1st period - Shot by Valeri Nichushkin.
13:29 of 1st period - Stopped by Matt Murray without a rebound.
13:30 of 1st period - Nico Hischier wins face-off versus Josh Bailey in TORONTO Maple Leafs zone.
13:30 of 1st period - Nico Hischier is hit by Nick Leddy.
13:35 of 1st period - Shot by Jonas Brodin.
13:35 of 1st period - Shot Blocked by Nick Leddy.
15:16 of 1st period - Shot by Patrick Kane.
15:16 of 1st period - Stopped by Matt Murray without a rebound.
15:17 of 1st period - Nico Hischier wins face-off versus Tyler Seguin in TORONTO Maple Leafs zone.
15:20 of 1st period - Shot by Jesper Bratt.
15:20 of 1st period - Shot Misses the Net.
15:42 of 1st period - Shot by Valeri Nichushkin.
15:42 of 1st period - Stopped by Matt Murray with a rebound.
15:44 of 1st period - Shot by Ryan Graves.
15:44 of 1st period - Shot Misses the Net.
15:46 of 1st period - Shot by Ryan Graves.
15:46 of 1st period - Shot Misses the Net.
16:12 of 1st period - Icing by Filip Hronek.
16:13 of 1st period - Nico Hischier wins face-off versus Kevin Stenlund in BUFFALO Sabres zone.
16:46 of 1st period - Icing by Nick Leddy.
16:47 of 1st period - Jack Eichel wins face-off versus Kevin Stenlund in TORONTO Maple Leafs zone.
17:07 of 1st period - Minor Penalty to John Marino for Roughing.
17:08 of 1st period - Jack Eichel wins face-off versus Tyler Seguin in TORONTO Maple Leafs zone.
18:57 of 1st period - Shot by Jonas Brodin.
18:57 of 1st period - Stopped by Matt Murray without a rebound.
18:58 of 1st period - Josh Bailey wins face-off versus Jack Eichel in TORONTO Maple Leafs zone.
19:19 of 1st period - Shot by Jakob Chychrun.
19:19 of 1st period - Shot Misses the Net.
19:21 of 1st period - Shot by Mason McTavish.
19:21 of 1st period - Goal by Mason McTavish - TORONTO Maple Leafs : 1 - BUFFALO Sabres : 3.
19:22 of 1st period - Kevin Stenlund wins face-off versus Nick Bjugstad in neutral zone.
Goals for this period are 1 for TORONTO Maple Leafs vs 3 for BUFFALO Sabres.
Shots for this period are 3 for TORONTO Maple Leafs vs 16 for BUFFALO Sabres.

2nd period


0:01 of 2nd period - Jack Eichel wins face-off versus Tyler Seguin in neutral zone.
0:09 of 2nd period - Icing by Vince Dunn.
0:10 of 2nd period - Jack Eichel wins face-off versus Tyler Seguin in TORONTO Maple Leafs zone.
0:23 of 2nd period - Shot by Alex Tuch.
0:23 of 2nd period - Shot Misses the Net.
0:49 of 2nd period - Shot by Patrick Kane.
0:49 of 2nd period - Shot Blocked by Mark Friedman.
1:17 of 2nd period - Seth Jarvis is hit by Tyler Seguin and loses puck.
1:32 of 2nd period - Shot by Tage Thompson.
1:32 of 2nd period - Shot Misses the Net.
1:44 of 2nd period - Shot by Seth Jarvis.
1:44 of 2nd period - Stopped by Matt Murray without a rebound.
1:45 of 2nd period - Nico Hischier wins face-off versus Colin White in TORONTO Maple Leafs zone.
1:52 of 2nd period - Shot by Nico Hischier.
1:52 of 2nd period - Stopped by Matt Murray without a rebound.
1:53 of 2nd period - Mark Jankowski wins face-off versus Nico Hischier in TORONTO Maple Leafs zone.
2:24 of 2nd period - Shot by Sam Lafferty.
2:24 of 2nd period - Shot Misses the Net.
3:15 of 2nd period - Artem Zub is hit by Valeri Nichushkin.
3:42 of 2nd period - Icing by Filip Hronek.
3:43 of 2nd period - Ryan Carpenter wins face-off versus Jack Eichel in BUFFALO Sabres zone.
3:54 of 2nd period - Shot by Vince Dunn.
3:54 of 2nd period - Shot Blocked by Ryan Graves.
4:04 of 2nd period - Shot by Jack Eichel.
4:04 of 2nd period - Stopped by Matt Murray with a rebound.
4:06 of 2nd period - Shot by Ryan Graves.
4:06 of 2nd period - Shot Misses the Net.
4:53 of 2nd period - Shot by Tage Thompson.
4:53 of 2nd period - Stopped by Matt Murray without a rebound.
4:54 of 2nd period - Kevin Stenlund wins face-off versus Nick Bjugstad in TORONTO Maple Leafs zone.
6:04 of 2nd period - Brett Kulak is hit by Sam Lafferty and loses puck.
6:44 of 2nd period - Icing by Jonas Brodin.
6:45 of 2nd period - Tyler Seguin wins face-off versus Jack Eichel in BUFFALO Sabres zone.
7:14 of 2nd period - Icing by Ivan Provorov.
7:15 of 2nd period - Kevin Stenlund wins face-off versus Jack Eichel in BUFFALO Sabres zone.
7:16 of 2nd period - Shot by Artem Zub.
7:16 of 2nd period - Shot Blocked by Ivan Provorov.
8:18 of 2nd period - Shot by Nico Hischier.
8:18 of 2nd period - Stopped by Matt Murray with a rebound.
9:22 of 2nd period - Shot by Curtis Lazar.
9:22 of 2nd period - Shot Misses the Net.
9:24 of 2nd period - Shot by Nick Bjugstad.
9:24 of 2nd period - Stopped by Matt Murray without a rebound.
9:25 of 2nd period - Nick Bjugstad wins face-off versus Kevin Stenlund in TORONTO Maple Leafs zone.
9:54 of 2nd period - Kevin Stenlund is hit by Nick Bjugstad and loses puck.
10:47 of 2nd period - Colin White is hit by Jonas Brodin and loses puck.
11:10 of 2nd period - Shot by Ryan Carpenter.
11:10 of 2nd period - Shot Misses the Net.
11:17 of 2nd period - Double Minor Penalty to Jonas Brodin for Roughing.
11:18 of 2nd period - Nico Hischier wins face-off versus Tyler Seguin in BUFFALO Sabres zone.
11:50 of 2nd period - Shot by Alex Goligoski.
11:50 of 2nd period - Shot Blocked by Ryan Graves.
12:38 of 2nd period - Shot by Colin White.
12:38 of 2nd period - Stopped by Igor Shesterkin without a rebound.
12:39 of 2nd period - Sam Lafferty wins face-off versus Nico Hischier in BUFFALO Sabres zone.
13:25 of 2nd period - Shot by Josh Bailey.
13:25 of 2nd period - Stopped by Igor Shesterkin without a rebound.
13:26 of 2nd period - Nick Bjugstad wins face-off versus Tyler Seguin in BUFFALO Sabres zone.
13:44 of 2nd period - Off-side.
13:45 of 2nd period - Nico Hischier wins face-off versus Tyler Seguin in neutral zone.
13:59 of 2nd period - Icing by Alex Goligoski.
14:00 of 2nd period - Simon Holmstrom wins face-off versus Nico Hischier in TORONTO Maple Leafs zone.
14:29 of 2nd period - Shot by Colin White.
14:29 of 2nd period - Deflect By Mark Jankowski.
14:29 of 2nd period - Stopped by Igor Shesterkin without a rebound.
14:30 of 2nd period - Nick Bjugstad wins face-off versus Sam Lafferty in BUFFALO Sabres zone.
14:30 of 2nd period - Nick Bjugstad is hit by Sam Lafferty.
14:46 of 2nd period - Shot by John Marino.
14:46 of 2nd period - Stopped by Igor Shesterkin with a rebound.
15:05 of 2nd period - Icing by Sam Lafferty.
15:06 of 2nd period - Nico Hischier wins face-off versus Sam Lafferty in TORONTO Maple Leafs zone.
15:29 of 2nd period - Shot by Jack Eichel.
15:29 of 2nd period - Stopped by Matt Murray with a rebound.
15:31 of 2nd period - Shot by Alex Tuch.
15:31 of 2nd period - Stopped by Matt Murray without a rebound.
15:32 of 2nd period - Nick Bjugstad wins face-off versus Tyler Seguin in TORONTO Maple Leafs zone.
15:32 of 2nd period - Nick Bjugstad is hit by Artem Zub.
15:40 of 2nd period - Mason McTavish is hit by Ryan Carpenter and loses puck.
16:18 of 2nd period - Icing by Alex Goligoski.
16:19 of 2nd period - Tyler Seguin wins face-off versus Jack Eichel in TORONTO Maple Leafs zone.
16:50 of 2nd period - Minor Penalty to Vince Dunn for Delaying the game.
16:51 of 2nd period - Nico Hischier wins face-off versus Tyler Seguin in TORONTO Maple Leafs zone.
17:18 of 2nd period - Shot by Ivan Provorov.
17:18 of 2nd period - Shot Misses the Net.
17:20 of 2nd period - Shot by Jonas Brodin.
17:20 of 2nd period - Stopped by Matt Murray without a rebound.
17:21 of 2nd period - Jack Eichel wins face-off versus Josh Bailey in TORONTO Maple Leafs zone.
17:30 of 2nd period - Shot by Filip Hronek.
17:30 of 2nd period - Stopped by Matt Murray without a rebound.
17:31 of 2nd period - Tyler Seguin wins face-off versus Jack Eichel in TORONTO Maple Leafs zone.
17:44 of 2nd period - Shot by Tage Thompson.
17:44 of 2nd period - Shot Misses the Net.
17:46 of 2nd period - Shot by Ryan Graves.
17:46 of 2nd period - Stopped by Matt Murray without a rebound.
17:47 of 2nd period - Josh Bailey wins face-off versus Nico Hischier in TORONTO Maple Leafs zone.
19:09 of 2nd period - Mason McTavish is hit by Jonah Gadjovich and loses puck.
Goals for this period are 0 for TORONTO Maple Leafs vs 0 for BUFFALO Sabres.
Shots for this period are 4 for TORONTO Maple Leafs vs 11 for BUFFALO Sabres.

3rd period


0:01 of 3rd period - Tyler Seguin wins face-off versus Alex Tuch in neutral zone.
1:30 of 3rd period - Jesper Bratt is hit by John Marino and loses puck.
1:34 of 3rd period - Nico Hischier is hit by John Marino and loses puck.
1:41 of 3rd period - Shot by Nico Hischier.
1:41 of 3rd period - Stopped by Matt Murray with a rebound.
1:46 of 3rd period - Nico Hischier is hit by John Marino.
1:58 of 3rd period - Shot by Jesper Bratt.
1:58 of 3rd period - Shot Blocked by Nick Leddy.
2:00 of 3rd period - Shot by Nico Hischier.
2:00 of 3rd period - Shot Misses the Net.
2:20 of 3rd period - Shot by Tage Thompson.
2:20 of 3rd period - Shot Misses the Net.
2:22 of 3rd period - Shot by Brett Kulak.
2:22 of 3rd period - Shot Misses the Net.
2:32 of 3rd period - Shot by Logan O'Connor.
2:32 of 3rd period - Stopped by Matt Murray without a rebound.
2:33 of 3rd period - Kevin Stenlund wins face-off versus Nick Bjugstad in TORONTO Maple Leafs zone.
2:55 of 3rd period - Icing by Artem Zub.
2:56 of 3rd period - Tage Thompson wins face-off versus Kevin Stenlund in TORONTO Maple Leafs zone.
2:58 of 3rd period - Minor Penalty to Artem Zub for Boarding.
2:59 of 3rd period - Tyler Seguin wins face-off versus Nico Hischier in TORONTO Maple Leafs zone.
3:12 of 3rd period - Shot by Ivan Provorov.
3:12 of 3rd period - Shot Misses the Net.
3:14 of 3rd period - Shot by Nico Hischier.
3:14 of 3rd period - Deflect By Jesper Bratt.
3:14 of 3rd period - Goal by Jesper Bratt - TORONTO Maple Leafs : 1 - BUFFALO Sabres : 4.
3:15 of 3rd period - Tyler Seguin wins face-off versus Seth Jarvis in neutral zone.
3:18 of 3rd period - Tage Thompson is hit by Tyler Seguin and loses puck.
3:25 of 3rd period - Shot by Ryan Carpenter.
3:25 of 3rd period - Deflect By Josh Bailey.
3:25 of 3rd period - Shot Hit the Post.
3:27 of 3rd period - Shot by Josh Bailey.
3:27 of 3rd period - Deflect By Tyler Seguin.
3:27 of 3rd period - Stopped by Igor Shesterkin without a rebound.
3:28 of 3rd period - Ryan Carpenter wins face-off versus Jack Eichel in BUFFALO Sabres zone.
3:49 of 3rd period - Alex Tuch is hit by Simon Holmstrom and loses puck.
4:15 of 3rd period - Icing by Ivan Provorov.
4:16 of 3rd period - Jack Eichel wins face-off versus Sam Lafferty in BUFFALO Sabres zone.
4:16 of 3rd period - Jack Eichel is hit by Sam Lafferty.
4:23 of 3rd period - Off-side.
4:24 of 3rd period - Nico Hischier wins face-off versus Colin White in neutral zone.
4:38 of 3rd period - Shot by Valeri Nichushkin.
4:38 of 3rd period - Stopped by Matt Murray without a rebound.
4:39 of 3rd period - Kevin Stenlund wins face-off versus Tage Thompson in TORONTO Maple Leafs zone.
4:46 of 3rd period - Shot by Nick Leddy.
4:46 of 3rd period - Shot Misses the Net.
4:48 of 3rd period - Shot by Nick Leddy.
4:48 of 3rd period - Stopped by Igor Shesterkin without a rebound.
4:49 of 3rd period - Jesper Bratt wins face-off versus Tyler Seguin in BUFFALO Sabres zone.
5:18 of 3rd period - Icing by Ryan Carpenter.
5:19 of 3rd period - Jack Eichel wins face-off versus Tyler Seguin in TORONTO Maple Leafs zone.
5:22 of 3rd period - Shot by Alex Tuch.
5:22 of 3rd period - Deflect By Jack Eichel.
5:22 of 3rd period - Stopped by Matt Murray with a rebound.
5:24 of 3rd period - Shot by Jack Eichel.
5:24 of 3rd period - Shot Misses the Net.
5:37 of 3rd period - Icing by Jonas Brodin.
5:38 of 3rd period - Sam Lafferty wins face-off versus Jack Eichel in BUFFALO Sabres zone.
6:41 of 3rd period - Icing by Nico Hischier.
6:42 of 3rd period - Nico Hischier wins face-off versus Tyler Seguin in BUFFALO Sabres zone.
6:42 of 3rd period - Ryan Graves is hit by Ryan Carpenter and loses puck.
6:51 of 3rd period - Shot by Tyler Seguin.
6:51 of 3rd period - Stopped by Igor Shesterkin with a rebound.
6:53 of 3rd period - Shot by Josh Bailey.
6:53 of 3rd period - Stopped by Igor Shesterkin with a rebound.
6:55 of 3rd period - Shot by Ryan Carpenter.
6:55 of 3rd period - Shot Misses the Net.
6:57 of 3rd period - Shot by Tyler Seguin.
6:57 of 3rd period - Goal by Tyler Seguin - TORONTO Maple Leafs : 2 - BUFFALO Sabres : 4.
6:58 of 3rd period - Tage Thompson wins face-off versus Kevin Stenlund in neutral zone.
7:27 of 3rd period - Shot by Jakob Chychrun.
7:27 of 3rd period - Stopped by Matt Murray without a rebound.
7:28 of 3rd period - Tyler Seguin wins face-off versus Nico Hischier in TORONTO Maple Leafs zone.
7:56 of 3rd period - Minor Penalty to Jesper Bratt for Interference.
7:57 of 3rd period - Nico Hischier wins face-off versus Sam Lafferty in BUFFALO Sabres zone.
7:57 of 3rd period - Ryan Graves is hit by Colin White and loses puck.
8:54 of 3rd period - Shot by Josh Bailey.
8:54 of 3rd period - Shot Blocked by Brett Kulak.
8:56 of 3rd period - Shot by Josh Bailey.
8:56 of 3rd period - Shot Blocked by Ryan Graves.
8:58 of 3rd period - Shot by Vince Dunn.
8:58 of 3rd period - Stopped by Igor Shesterkin without a rebound.
8:59 of 3rd period - Nico Hischier wins face-off versus Tyler Seguin in BUFFALO Sabres zone.
9:59 of 3rd period - Tage Thompson is hit by Kevin Stenlund.
10:09 of 3rd period - Jonas Brodin is hit by Janne Kuokkanen and loses puck.
10:15 of 3rd period - Off-side.
10:16 of 3rd period - Nico Hischier wins face-off versus Sam Lafferty in neutral zone.
10:30 of 3rd period - Shot by Vince Dunn.
10:30 of 3rd period - Stopped by Igor Shesterkin without a rebound.
10:31 of 3rd period - Jack Eichel wins face-off versus Kevin Stenlund in BUFFALO Sabres zone.
10:46 of 3rd period - Icing by Brett Kulak.
10:47 of 3rd period - Jack Eichel wins face-off versus Mark Jankowski in BUFFALO Sabres zone.
10:53 of 3rd period - Icing by Brett Kulak.
10:54 of 3rd period - Jack Eichel wins face-off versus Tyler Seguin in BUFFALO Sabres zone.
11:16 of 3rd period - Shot by John Marino.
11:16 of 3rd period - Deflect By Tyler Seguin.
11:16 of 3rd period - Stopped by Igor Shesterkin without a rebound.
11:17 of 3rd period - Nico Hischier wins face-off versus Sam Lafferty in BUFFALO Sabres zone.
11:45 of 3rd period - Off-side.
11:46 of 3rd period - Ryan Carpenter wins face-off versus Jack Eichel in neutral zone.
12:12 of 3rd period - Shot by Josh Bailey.
12:12 of 3rd period - Shot Misses the Net.
12:14 of 3rd period - Shot by John Marino.
12:14 of 3rd period - Stopped by Igor Shesterkin without a rebound.
12:15 of 3rd period - Nico Hischier wins face-off versus Colin White in BUFFALO Sabres zone.
12:26 of 3rd period - Shot by Jesper Bratt.
12:26 of 3rd period - Stopped by Matt Murray without a rebound.
12:27 of 3rd period - Ryan Carpenter wins face-off versus Tage Thompson in TORONTO Maple Leafs zone.
12:27 of 3rd period - Ryan Carpenter is hit by Logan O'Connor.
12:35 of 3rd period - Icing by Jonas Brodin.
12:36 of 3rd period - Sam Lafferty wins face-off versus Tage Thompson in BUFFALO Sabres zone.
12:46 of 3rd period - Tage Thompson is hit by John Marino.
13:18 of 3rd period - Shot by Tage Thompson.
13:18 of 3rd period - Stopped by Matt Murray without a rebound.
13:19 of 3rd period - Jack Eichel wins face-off versus Tyler Seguin in TORONTO Maple Leafs zone.
13:19 of 3rd period - Alex Tuch is hit by Vince Dunn and loses puck.
13:51 of 3rd period - Patrick Kane is hit by Vince Dunn and loses puck.
13:54 of 3rd period - Shot by Jack Eichel.
13:54 of 3rd period - Shot Blocked by Ryan Carpenter.
14:01 of 3rd period - Jack Eichel is hit by Vince Dunn and loses puck.
14:15 of 3rd period - Jesper Bratt is hit by Vince Dunn and loses puck.
14:40 of 3rd period - Shot by Nico Hischier.
14:40 of 3rd period - Shot Misses the Net.
14:42 of 3rd period - Shot by Nico Hischier.
14:42 of 3rd period - Stopped by Matt Murray without a rebound.
14:43 of 3rd period - Mark Jankowski wins face-off versus Logan O'Connor in TORONTO Maple Leafs zone.
14:43 of 3rd period - Mark Jankowski is hit by Tage Thompson.
14:54 of 3rd period - Logan O'Connor is hit by Nick Leddy and loses puck.
15:18 of 3rd period - Tage Thompson is hit by Sam Lafferty and loses puck.
15:22 of 3rd period - Off-side.
15:23 of 3rd period - Nico Hischier wins face-off versus Kevin Stenlund in neutral zone.
15:30 of 3rd period - Janne Kuokkanen is hit by Ryan Graves and loses puck.
15:36 of 3rd period - Icing by Jesper Bratt.
15:37 of 3rd period - Kevin Stenlund wins face-off versus Nico Hischier in BUFFALO Sabres zone.
15:37 of 3rd period - Janne Kuokkanen is hit by Ryan Graves and loses puck.
15:42 of 3rd period - Shot by Alexander Holtz.
15:42 of 3rd period - Shot Misses the Net.
15:54 of 3rd period - Shot by Kevin Stenlund.
15:54 of 3rd period - Shot Misses the Net.
15:56 of 3rd period - Shot by Artem Zub.
15:56 of 3rd period - Shot Misses the Net.
15:58 of 3rd period - Shot by Alex Goligoski.
15:58 of 3rd period - Shot Blocked by Ryan Graves.
17:01 of 3rd period - Nick Leddy is hit by Ivan Provorov and loses puck.
17:19 of 3rd period - Josh Bailey is hit by Jonas Brodin and loses puck.
17:56 of 3rd period - Tyler Seguin is hit by Logan O'Connor and loses puck.
18:28 of 3rd period - Shot by Valeri Nichushkin.
18:28 of 3rd period - Shot Blocked by Alex Goligoski.
18:59 of 3rd period - Minor Penalty to Ryan Graves for Tripping.
19:00 of 3rd period - Nico Hischier wins face-off versus Sam Lafferty in BUFFALO Sabres zone.
19:27 of 3rd period - Shot by Sam Lafferty.
19:27 of 3rd period - Stopped by Igor Shesterkin without a rebound.
19:28 of 3rd period - Nico Hischier wins face-off versus Tyler Seguin in BUFFALO Sabres zone.
19:28 of 3rd period - Nico Hischier is hit by Ryan Carpenter.
19:42 of 3rd period - Shot by Alex Goligoski.
19:42 of 3rd period - Shot Misses the Net.
19:46 of 3rd period - Shot by Vince Dunn.
19:46 of 3rd period - Shot Blocked by Jonas Brodin.
19:48 of 3rd period - Shot by Alex Goligoski.
19:48 of 3rd period - Stopped by Igor Shesterkin without a rebound.
19:49 of 3rd period - Mark Jankowski wins face-off versus Nick Bjugstad in BUFFALO Sabres zone.
Goals for this period are 1 for TORONTO Maple Leafs vs 1 for BUFFALO Sabres.
Shots for this period are 11 for TORONTO Maple Leafs vs 9 for BUFFALO Sabres. Output by the SimonT Hockey Simulator (STHS) for Martin Benoit - Original Page W3C HTML5 Valid
Hockey Simulator - Hockey Simulation - Hockey Manager